 Dungeon Crawl Stone Soup version 0.31-a0-1576-ga3383bade6 (webtiles) character file.

Game seed: 7185480798112082511

93 experimilk the Shooter (level 4, 0/22 HPs)
             Began as a Spriggan Hunter on Jan 5, 2024.
             Incinerated by a bombardier beetle (5 damage)
             ... with a burning spray
             ... on level 3 of the Dungeon.
             The game lasted 00:04:58 (2349 turns).

experimilk the Shooter (Spriggan Hunter)            Turns: 2349, Time: 00:04:59

Health: 0/22       AC:  2    Str:  7    XL:     4   Next: 36%
Magic:  5/5        EV: 18    Int: 10    God:
Gold:   52         SH:  0    Dex: 20    Spells: 3/3 levels left

rFire   . . .        a - +0 shortbow
rCold   . . .        (shield currently unavailable)
rNeg    . . .        c - +0 robe
rPois   .            (helmet restricted)
rElec   .            (no cloak)
rCorr   .            (gloves unavailable)
SInv    +            (boots unavailable)
Will    .....        (no amulet)
Stlth   +            (no ring)
HPRegen 0.23/turn    (no ring)
MPRegen 0.09/turn

%: no passive effects
@: on fire, glowing, very quick
A: very small, no large weapons, unfitting armour, see invisible, speed 3
a: no special abilities


You were on level 3 of the Dungeon.
You visited 1 branch of the dungeon, and saw 3 of its levels.

You collected 136 gold pieces.
You spent 84 gold pieces at shops.

Inventory:

Hand Weapons
 a - a +0 shortbow (weapon)
Armour
 c - a +0 robe (worn)
Scrolls
 b - a scroll of butterflies
 d - 2 scrolls of teleportation
 h - a scroll of enchant weapon {unknown}
 j - a scroll of immolation {unknown}
 k - a scroll of enchant armour {unknown}
 l - a scroll of blinking {unknown}
 n - a scroll of fear {unknown}
 p - 2 scrolls of identify
 q - a scroll of fog {unknown}
Potions
 e - a potion of might
 f - a potion of heal wounds {unknown}
 g - a potion of degeneration
 i - 3 potions of curing
 m - 2 potions of berserk rage {unknown}
 o - 2 potions of mutation {unknown}


   Skills:
 - Level 1.5 Fighting
 * Level 5.9 Ranged Weapons
 - Level 2.6 Dodging
 - Level 1.5 Stealth


You had 3 spell levels left.
You didn't know any spells.
Your spell library was empty.

Dungeon Overview and Level Annotations

Branches:
Dungeon (3/15)

Altars:

Shops:
D:2 ?


Innate Abilities, Weirdness & Mutations

You are very small and have problems with some larger weapons.
You are too small for most types of armour.
You have supernaturally acute eyesight. (SInv)
You cover ground extremely quickly. (Speed+++)


Message History

The adder closely misses you. x2
You shoot an arrow. The arrow hits the adder!
You kill the adder!
No target in view!
You now have enough gold to buy a scroll of fear on D:2, buy a scroll of fog on D:2, buy a scroll of poison on D:2, or buy a scroll of vulnerability on D:2.
You can access your shopping list by pressing '$'.
You now have 52 gold pieces (gained 9).
Found a stone staircase leading up.
p - 2 scrolls of identify (gained 1)
A bombardier beetle comes into view.
The bombardier beetle sprays incendiary fluid at you.
The burning spray hits you.
You are covered in liquid fire!
You are on fire!
You shoot an arrow. The arrow hits the bombardier beetle.
The bombardier beetle is moderately wounded.
The liquid fire burns you!
You shoot an arrow.
The arrow barely misses the bombardier beetle.
The liquid fire burns you!
You shoot an arrow. The arrow hits the bombardier beetle.
The bombardier beetle is heavily wounded.
The liquid fire burns you!
You are too injured to fight recklessly!
You are too injured to fight recklessly!
Unknown command.
Fire: a) +0 shortbow
Press: ? - help, Q - select action Shift-Dir - straight line, f/p - bombardier beetle
Aim: a bombardier beetle (heavily wounded, 74% to hit)
You shoot an arrow. The arrow hits the bombardier beetle.
The bombardier beetle is severely wounded.
The liquid fire burns you!
* * * LOW HITPOINT WARNING * * *
Fire: a) +0 shortbow
Press: ? - help, Q - select action Shift-Dir - straight line, f/p - bombardier beetle
Aim: a bombardier beetle (severely wounded, 74% to hit)
You shoot an arrow. The arrow hits the bombardier beetle.
The bombardier beetle is almost dead.
The liquid fire burns you!
You die...

###...######## ##.##
########...#####
.........#.....#########
########...###..........
##.## ###........ #.#
#.######. #.# #.# #.#
#@# #....B...#
##########


You could see a bombardier beetle.

Vanquished Creatures
  3 adders
  A dart slug (D:3)
  3 ribbon worms
  An orc (D:3)
  7 ball pythons
  3 endoplasms
  2 giant cockroaches (D:1)
  6 goblins
  7 hobgoblins
  7 kobolds
  A quokka (D:2)
  4 bats (D:1)
  6 frilled lizards
  7 rats
58 creatures vanquished.

Notes
Turn   | Place    | Note
-------+----------+-------------------------------------------
     0 | D:1      | experimilk the Spriggan Hunter began the quest for the Orb.
     0 | D:1      | Reached XP level 1. HP: 10/10 MP: 2/2
   270 | D:1      | Reached XP level 2. HP: 14/14 MP: 3/3
   564 | D:1      | Found a faded altar of an unknown god.
   891 | D:2      | Found Ygoff's Magic Scroll Emporium.
   895 | D:2      | Bought a scroll of identify for 24 gold pieces
   895 | D:2      | Bought a scroll of identify for 24 gold pieces
  1057 | D:2      | Reached skill level 5 in Ranged Weapons
  1081 | D:2      | Reached XP level 3. HP: 18/18 MP: 4/4
  1767 | D:2      | Bought a scroll of teleportation for 36 gold pieces
  1873 | D:3      | Reached XP level 4. HP: 22/22 MP: 5/5
  2349 | D:3      | Incinerated by a bombardier beetle

Illustrated notes

Levels and vault maps discovered:
D:1:      heliophobic_arrival_glass_houses, layout_loops_ring,
          chequers_ecumenical_altar_twisty
D:2:      layout_loops_cross, serial_shops, nicolae_shop_hallway_stairs
D:3:      layout_loops_ring

Skill      XL: |  1  2 |
---------------+-------+-----
Ranged Weapons | 5 |  5.9
Fighting       | |  1.5
Dodging        | |  2.6
Stealth        | |  1.5

Action                     |  1- 3 |  4- 6 || total
---------------------------+-------+-------++-------
   Fire: Shortbow          |   117 |    48 ||   165
    Use: Scroll            |     5 |       ||     5
 Armour: Robe              |     9 |     5 ||    14
  Dodge: Dodged            |    26 |    14 ||    40

Table legend: (Time is in decaauts)
 A = Elapsed time spent in this place.
 B = Non-inter-level travel time spent in this place.
 C = Inter-level travel time spent in this place.
 D = Time resting spent in this place.
 E = Time spent auto-exploring this place.
 F = Levels seen in this place.
 G = Mean time per level.
                   A        B        C        D        E       F      G
               +--------+--------+--------+--------+--------+-----+--------+
         Total |   1589 |   1479 |    110 |    143 |   1046 |   3 |  529.7 |
       Dungeon |   1589 |   1479 |    110 |    143 |   1046 |   3 |  529.7 |
               +--------+--------+--------+--------+--------+-----+--------+

Top non-repeatable levels by time:
     D:2: 619 daAuts
     D:1: 583 daAuts
     D:3: 387 daAuts
